AoeStats
← qaz1227

Black Forest

510288079Analyzed
4v4 RM · 7h ago on Sep 30, 2026· 26m 37s· 8 players
Game mode
Random Map
Map size
Large (8 player)
Population
200
Speed
Normal
Resources
Standard
Victory
Conquest
Starting age
Dark Age
Ending age
Imperial Age
RankedLock teamsTeams togetherTeam positionsShared explorationLock speedFull tech treeHidden civsTurbo modeCheats
Victory
Defeat
🇹🇼 Mongols · Taiwan
1468
+6
🇹🇼 Japanese · Taiwan
1253
+13
🇹🇼 Varangians · Taiwan
1183
+16
🇹🇼 Vietnamese · Taiwan
923
+24
🇹🇼 Persians · Taiwan
1187
-15
🇨🇳 Teutons · China
1176
-15
🇦🇷 Britons · Argentina
1176
-15
🇲🇦 Malay · Morocco
1169
-14
DeepBlue_
1:33 Loom
9:53 Feudal Age
11:08 Fletching
OAO
0:32 Loom
11:32 Feudal Age
15:21 Castle Age
13:29 Double-Bit Axe
13:26 Horse Collar
16:27 Bow Saw
24:12 Gold Mining
diavolomagro
0:43 Loom
11:43 Feudal Age
16:23 Castle Age
14:24 Double-Bit Axe
15:10 Gold Mining
15:43 Stone Mining
18:19 Bow Saw
22:07 Fletching
24:07 Bodkin Arrow
27:05 Wheelbarrow
666
4:27 Loom
13:23 Feudal Age
13:52 Double-Bit Axe
14:31 Horse Collar
18:31 Castle Age
18:52 Wheelbarrow
20:02 Bow Saw
23:53 Gold Mining
23:56 Stone Mining
happyeric8877
0:48 Loom
12:24 Feudal Age
17:04 Castle Age
16:37 Double-Bit Axe
18:02 Bow Saw
19:55 Town Watch
23:10 Scale Mail Armor
Junyou
10:44 Feudal Age
14:25 Castle Age
12:13 Double-Bit Axe
13:17 Horse Collar
15:30 Bow Saw
20:27 Wheelbarrow
22:12 Hand Cart
22:15 Gold Mining
24:01 Heavy Plow
23:54 Stone Mining
25:38 Gold Shaft Mining
27:53 Imperial Age
25:40 Fletching
25:51 Padded Archer Armor
26:13 Ballistics
25:51 Loom
25:52 Town Watch
26:24 Bodkin Arrow
qaz1227
10:34 Feudal Age
10:41 Man-at-Arms
11:55 Double-Bit Axe
21:47 Castle Age
21:09 Forging
26:01 Bow Saw
25:36 Horse Collar
26:20 Fletching
Yanai
1:46 Loom
13:57 Feudal Age
17:55 Castle Age
20:13 Double-Bit Axe
24:18 Elite Skirmisher
Connection lost

Rejoining the realm…

Still unreachable

The connection could not be restored.

Session expired

The server has moved on; the page needs a fresh start.